 Dungeon Crawl Stone Soup version 0.22.1-7-g5c428e7 (webtiles) character file.

7378 Zap the Jinx (level 10, -3/50 HPs)
             Began as a Spriggan Enchanter on Feb 24, 2019.
             Was an Initiate of Gozag.
             Killed by divine providence
             ... invoked by an orc priest
              (17 damage)
             ... on level 10 of the Dungeon.
             The game lasted 00:38:54 (11277 turns).

Zap the Jinx (Spriggan Enchanter)                  Turns: 11277, Time: 00:38:56

Health: -3/50      AC:  7    Str:  7    XL:     10   Next: 92%
Magic:  19/24      EV: 19    Int: 18    God:    Gozag
Gold:   838        SH:  0    Dex: 18    Spells: 12/27 levels left

rFire    . . .     SeeInvis +   a - +4 short sword (venom)
rCold    . . .     Gourm    .   (shield restricted)
rNeg     . . .     Faith    .   D - +2 robe
rPois    .         Spirit   .   h - +2 hat
rElec    .         Reflect  .   C - +0 cloak {MR+}
rCorr    .         Harm     .   (gloves unavailable)
MR       ++...     Rnd*Tele +   (boots unavailable)
Stlth    +++++.....             (no amulet)
HPRegen  0.16/turn              (no ring)
MPRegen  0.19/turn              e - ring of wizardry

@: gold aura, very quick
A: very small, unfitting armour, thin skeletal structure 2, see invisible,
clumsy 1, herbivore, speed 3, robust 1, slow metabolism 2, teleportitis 1
a: Potion Petition, Call Merchant, Bribe Branch, Renounce Religion


You were on level 10 of the Dungeon.
You worshipped Gozag.
Gozag was pleased with you.
You were not hungry.

You visited 2 branches of the dungeon, and saw 11 of its levels.

You collected 1435 gold pieces.
You spent 498 gold pieces at shops.
You paid 99 gold pieces to Gozag.

Inventory:

Hand Weapons
 a - a +4 short sword of venom (weapon)
Missiles
 g - 284 stones (quivered)
 v - 2 throwing nets
 y - 102 arrows
Armour
 h - a +2 hat (worn)
 C - a +0 cloak of magic resistance (worn)
 D - a +2 robe (worn)
Magical Staves
 F - an uncursed staff of cold
Jewellery
 c - an uncursed ring of ice
 e - a ring of wizardry (right hand)
 z - an uncursed ring of protection from cold {unknown}
Wands
 b - a wand of polymorph (6)
 t - a wand of paralysis (25)
 w - a wand of flame (1)
 E - a wand of enslavement (11)
Scrolls
 i - 3 scrolls of magic mapping
 j - a scroll of teleportation
 k - a scroll of blinking
 l - 2 scrolls of enchant armour
 p - 3 scrolls of identify
 r - 6 scrolls of remove curse
 s - 2 scrolls of fog {unknown}
Potions
 d - 2 potions of invisibility
 f - 5 potions of flight
 m - a potion of berserk rage {unknown}
 n - 4 potions of curing
 o - a potion of heal wounds {unknown}
 q - 3 potions of lignification
 x - a potion of haste {unknown}
 A - 3 potions of brilliance
 B - 3 potions of might
Comestibles
 u - 9 rations


   Skills:
 + Level 2.2 Fighting
 + Level 8.6 Short Blades
 + Level 3.8 Dodging
 + Level 8.6 Stealth
 + Level 9.3 Spellcasting
 + Level 9.4 Hexes
 * Level 2.8 Summonings
 * Level 4.1 Transmutations
 - Level 6.2 Ice Magic


You had 12 spell levels left.
You knew the following spells:

 Your Spells              Type           Power        Failure   Level  Hunger
a - Corona                Hex            #####..      1%          1    None
b - Ensorcelled Hibernat  Hex/Ice        #####.       1%          2    None
c - Confuse               Hex            #####...     1%          3    None
d - Tukima's Dance        Hex            #####...     1%          3    None
e - Sticks to Snakes      Tmut           ###.....     1%          2    None
f - Summon Ice Beast      Ice/Summ       ###.....     5%          4    ###....

Your spell library contained the following spells:

 Spells                   Type           Power        Failure   Level  Hunger
 Beastly Appendage        Tmut           ###...       1%          1    None
 Confusing Touch          Hex            #####.       1%          1    None
 Freeze                   Ice            ####         1%          1    None
 Summon Small Mammal      Summ           ###.         1%          1    None
 Throw Frost              Conj/Ice       ###...       1%          2    None
 Dazzling Spray           Conj/Hex       ####..       1%          3    None
 Ozocubu's Armour         Chrm/Ice       ###.....     2%          3    None
 Animate Skeleton         Necr           N/A          3%          1    None
 Apportation              Tloc           #.....       3%          1    None
 Pain                     Necr           #...         3%          1    None
 Spider Form              Tmut/Pois      ###.......   4%          3    None
 Ice Form                 Ice/Tmut       ####....     4%          4    ###....
 Metabolic Englaciation   Hex/Ice        #####.....   4%          5    #####..
 Throw Icicle             Conj/Ice       ###.....     10%         4    ###....
 Regeneration             Chrm/Necr      #.........   11%         3    None
 Vampiric Draining        Necr           #.........   11%         3    None
 Blade Hands              Tmut           ###.......   17%         5    #####..
 Animate Dead             Necr           N/A          32%         4    ###....
 Iskenderun's Mystic Bla  Conj           #.......     32%         4    ###....
 Irradiate                Conj/Tmut      ###.......   38%         5    #####..


Dungeon Overview and Level Annotations

Branches:
Dungeon (10/15)            Temple (1/1) D:4            Lair (0/6) D:9
    Orc (0/2) D:9

Altars:
Ashenzari
Cheibriados
Dithmenos
Elyvilon
Fedhas
Gozag
Hepliaklqana
Kikubaaqudgha
Makhleb
Nemelex Xobeh
Okawaru
Qazlal
Ru
Sif Muna
Trog
Uskayaw
Vehumet
Wu Jian
Xom
Yredelemnul
Zin
The Shining One

Shops:
D:5 ?   D:9 [(

Annotations:
D:2 exclusion: downstairs
D:3 Natasha
D:9 3 runed doors, 04farmerj's ghost, journeyman MiBe; Joseph


Innate Abilities, Weirdness & Mutations

You are very small and have problems with some larger weapons.
You are too small for most types of armour.
You have supernaturally acute eyesight. (SInv)
You are a herbivore.
You cover ground extremely quickly.
You need to consume almost no food.
You have a moderately thin skeletal structure. (Dex +4, Stealth+)
You are clumsy. (Dex -2)
You are robust. (+10% HP)
You are occasionally teleported next to monsters.


Message History

The orc priest shouts!
Casting: Ensorcelled Hibernation (safe; 1% risk of failure)
Confirm with . or Enter, or press ? or * to list all spells.
Aiming: Ensorcelled Hibernation (safe; 1% risk of failure)
Press: ? - help, Shift-Dir - straight line, f/p - orc warrior
Aim: an orc warrior, wielding a glaive and wearing a plate armour (chance to The orc warrior looks drowsy...
The orc priest calls down the wrath of Beogh upon you.
Beogh smites you!
The helpless orc warrior fails to defend itself.
You skewer the orc warrior like a kebab!!!
You kill the orc warrior!
The orc priest invokes the aid of Beogh against you.
Beogh smites you!
* * * LOW HITPOINT WARNING * * *
The bullfrog closely misses you.
The orc priest mumbles some strange prayers to Beogh against you.
Beogh smites you!
You die...
Your body crumbles into a pile of gold.

#########...#
#.......#...#
#.......'...#
#...<...#...#
#.......#...#
#.......#...#
+.......#...#
#.....).#...#
#...@...#...#
#.......#...# #+#
#.F.....#...#
#...#$#######...#
#...oo.........^#
#...............#
#.o..o......>...#
.............h...##
.......o...........#


You could see a bullfrog, 2 orc priests and an orc.

Vanquished Creatures
  Harold (D:8)
  A two-headed ogre (D:9)
  Sonja (D:10)
  A cyclops (D:8)
  Maurice (D:9)
  Psyche (D:8)
  A komodo dragon (D:10)
  A hornet (D:8)
  Grinder (D:6)
  A hippogriff (D:10)
  A hungry ghost (D:8)
  Duvessa (D:6)
  8 orc warriors
  A phantom (D:7)
  A sky beast (D:9)
  A black bear (D:7)
  3 ogres
  A centaur (D:10)
  2 big kobolds
  2 bullfrogs
  Dowan (D:6)
  A scorpion (D:5)
  6 howler monkeys
  3 crimson imps
  A quasit (D:9)
  A bullfrog skeleton (D:5)
  8 orc priests
  3 hounds
  2 jellies (D:9)
  8 orc wizards
  5 iguanas
  6 worker ants
  A hound zombie (D:6)
  A worker ant zombie (D:8)
  10 gnolls
  7 adders
  2 shadow imps (D:9)
  3 oozes
  2 adder skeletons (D:4)
  A worm (D:3)
  A dart slug (D:2)
  2 leopard geckos
  36 orcs
  4 ball pythons
  10 bats
  5 giant cockroaches
  9 hobgoblins
  14 jackals
  4 quokkas
  9 frilled lizards
  5 goblins
  A jackal skeleton (D:7)
  9 kobolds
  8 rats
220 creatures vanquished.

Vanquished Creatures (collateral kills)
  A gnoll sergeant (D:9)
  3 gnolls (D:9)
4 creatures vanquished.

Grand Total: 224 creatures vanquished

Notes
Turn   | Place    | Note
-------+----------+-------------------------------------------
     0 | D:1      | Zap the Spriggan Enchanter began the quest for the Orb.
     0 | D:1      | Reached XP level 1. HP: 9/9 MP: 5/5
   402 | D:1      | Reached XP level 2. HP: 13/13 MP: 6/6
   406 | D:1      | Learned a level 2 spell: Ensorcelled Hibernation
  1078 | D:1      | Reached XP level 3. HP: 14/16 MP: 8/8
  1601 | D:2      | Reached skill level 5 in Stealth
  2277 | D:2      | Learned a level 3 spell: Confuse
  2403 | D:3      | Reached skill level 1 in Ice Magic
  2465 | D:3      | Reached XP level 4. HP: 18/21 MP: 9/9
  2510 | D:3      | Noticed Natasha
  3146 | D:4      | Found a staircase to the Ecumenical Temple.
  3159 | Temple   | Entered the Ecumenical Temple
  3289 | D:4      | Reached XP level 5. HP: 24/24 MP: 7/10
  3371 | D:5      | Entered Level 5 of the Dungeon
  3815 | D:4      | Reached XP level 6. HP: 21/28 MP: 9/12
  4162 | D:4      | Found a radiant altar of Vehumet.
  4163 | D:4      | Found a burning altar of Makhleb.
  4503 | D:5      | Learned a level 3 spell: Tukima's Dance
  4506 | D:5      | Learned a level 2 spell: Sticks to Snakes
  4625 | D:5      | Found Zugor's Magic Scroll Shop.
  4724 | D:5      | Reached skill level 5 in Hexes
  4891 | D:6      | Reached XP level 7. HP: 32/32 MP: 12/14
  4893 | D:6      | Found a glowing silver altar of Zin.
  4895 | D:6      | Found a snail-covered altar of Cheibriados.
  5010 | D:6      | Noticed Grinder
  5035 | D:6      | Killed Grinder
  5126 | D:6      | Found a shadowy altar of Dithmenos.
  5308 | D:6      | Noticed Dowan
  5311 | D:6      | Noticed Duvessa
  5336 | D:6      | Killed Duvessa
  5339 | D:6      | Killed Dowan
  5434 | D:6      | Found an ornate altar of the Wu Jian Council.
  5437 | D:6      | Found an opulent altar of Gozag.
  5437 | D:6      | Identified the Catalogue of Confrontation and the Glacier
  5440 | D:6      | Found an ancient bone altar of Kikubaaqudgha.
  5633 | D:7      | Reached skill level 5 in Spellcasting
  5633 | D:7      | Reached XP level 8. HP: 36/36 MP: 16/16
  5775 | D:7      | Found a stormy altar of Qazlal.
  5848 | D:7      | Reached skill level 5 in Short Blades
  6130 | D:7      | Found a bloodstained altar of Trog.
  6452 | D:6      | Became a worshipper of Gozag Ym Sagoz the Greedy
  6549 | D:5      | Bought a scroll of blinking for 82 gold pieces
  6549 | D:5      | Bought a scroll of identify for 22 gold pieces
  6549 | D:5      | Bought a scroll of enchant weapon for 82 gold pieces
  6550 | D:5      | Bought a scroll of identify for 22 gold pieces
  6551 | D:5      | Gained mutation: You expend magic power (3 MP) to
                  | strengthen your wands. [potion of mutation]
  6551 | D:5      | Gained mutation: You have a somewhat thin skeletal
                  | structure. (Dex +2, Stealth) [potion of mutation]
  6552 | D:5      | Lost mutation: You expend magic power (3 MP) to strengthen
                  | your wands. [potion of mutation]
  6552 | D:5      | Gained mutation: You are occasionally teleported next to
                  | monsters. [potion of mutation]
  6552 | D:5      | Gained mutation: You expend magic power (3 MP) to
                  | strengthen your wands. [potion of mutation]
  6552 | D:5      | Gained mutation: You possess an exceptional clarity of
                  | mind. [potion of mutation]
  6552 | D:5      | Gained mutation: You are robust. (+10% HP) [potion of
                  | mutation]
  6558 | D:5      | Learned a level 4 spell: Summon Ice Beast
  6634 | D:8      | Noticed a cyclops
  7071 | D:8      | Noticed a hornet
  7080 | D:8      | Killed a hornet
  7109 | D:8      | Reached XP level 9. HP: 42/44 MP: 13/19
  7190 | D:8      | Lost mutation: You possess an exceptional clarity of mind.
                  | [potion of mutation]
  7190 | D:8      | Lost mutation: You expend magic power (3 MP) to strengthen
                  | your wands. [potion of mutation]
  7190 | D:8      | Gained mutation: You are clumsy. (Dex -2) [potion of
                  | mutation]
  7190 | D:8      | Gained mutation: You have a moderately thin skeletal
                  | structure. (Dex +4, Stealth+) [potion of mutation]
  7511 | D:8      | Noticed Psyche
  7523 | D:8      | Killed Psyche
  7523 | D:8      | Reached skill level 1 in Fighting
  7523 | D:8      | Reached skill level 5 in Ice Magic
  8107 | D:8      | Killed a cyclops
  8793 | D:8      | Noticed Harold
  8891 | D:8      | Killed Harold
  8891 | D:8      | Reached XP level 10. HP: 13/50 MP: 11/23
  9418 | D:9      | Noticed a two-headed ogre
  9430 | D:9      | Killed a two-headed ogre
  9430 | D:9      | Reached skill level 1 in Summonings
  9430 | D:9      | Reached skill level 1 in Transmutations
  9478 | D:9      | Found a runed gate.
  9582 | D:9      | Found Omikh's Weapon Boutique.
  9586 | D:9      | Noticed Joseph
  9614 | D:9      | Found a runed gate.
  9615 | D:9      | Found a runed gate.
  9732 | D:9      | Noticed Maurice
  9787 | D:9      | Found a staircase to the Orcish Mines.
  9787 | D:9      | Found Veune's Armour Shop.
  9791 | D:9      | Found a staircase to the Lair.
 10069 | D:9      | Bought a +0 cloak of magic resistance for 138 gold pieces
 10069 | D:9      | Bought a +2 robe for 152 gold pieces
 10559 | D:9      | Noticed 04farmerj's ghost (journeyman MiBe)
 10764 | D:9      | Killed Maurice
 11086 | D:10     | Entered Level 10 of the Dungeon
 11172 | D:10     | Noticed Sonja
 11188 | D:10     | Killed Sonja
 11277 | D:10     | Killed from afar by an orc priest

Skill      XL: |  1  2  3  4  5  6  7  8  9 10 |
---------------+-------------------------------+-----
Hexes          | 4 5 6 8 9 |  9.4
Spellcasting   | 3 4 5 6 8 9 |  9.3
Stealth        | 5 6 7 8 |  8.6
Short Blades   | 2 3 4 6 7 8 |  8.6
Ice Magic      | 1 2 3 4 6 |  6.2
Fighting       | 1 2 |  2.2
Summonings     | 2 |  2.8
Transmutations | 4 |  4.1
Dodging        | |  3.8

Action                   |  1- 3 |  4- 6 |  7- 9 | 10-12 || total
-------------------------+-------+-------+-------+-------++-------
Melee: Dagger            |   213 |   172 |       |       ||   385
       Short sword       |       |    33 |   178 |   125 ||   336
 Cast: Corona            |     5 |       |       |       ||     5
       Ensorcelled Hiber |    18 |    22 |    47 |    48 ||   135
       Confuse           |       |       |    14 |     3 ||    17
       Summon Ice Beast  |       |       |       |     2 ||     2
  Use: Scroll            |       |       |    17 |       ||    17
       Potion            |       |       |     3 |       ||     3
 Stab: Sleeping          |    16 |    29 |    35 |    33 ||   113
       Confused          |       |       |    10 |     2 ||    12
       Distracted        |       |       |     2 |     1 ||     3
  Eat: Ration            |       |     2 |     4 |     1 ||     7
Armor: Robe              |    49 |    26 |     9 |    13 ||    97
Dodge: Dodged            |   219 |   172 |    85 |    88 ||   564
